 Dungeon Crawl Stone Soup version 0.24-a0-520-g8fd06ad (webtiles) character file.

Game seed: 1535887429391599026

1773 snetch the Skirmisher (level 8, -1/71 HPs)
             Began as a Minotaur Berserker on July 24, 2019.
             Was an Elder of Trog.
             Killed from afar by an electric eel (7 damage)
             ... with a bolt of electricity
             ... on level 8 of the Dungeon.
             The game lasted 00:20:04 (4369 turns).

snetch the Skirmisher (Minotaur Berserker)          Turns: 4369, Time: 00:20:04

Health: -1/71      AC: 15    Str: 23    XL:     8   Next: 80%
Magic:  7/7        EV:  9    Int:  4    God:    Trog [****..]
Gold:   260        SH:  0    Dex: 11    Spells: 7/7 levels left

rFire    . . .     SeeInvis .   o - +3 quarterstaff (chaos)
rCold    + + .     Gourm    .   (shield currently unavailable)
rNeg     . . .     Faith    .   A - +3 chain mail {rC+}
rPois    .         Spirit   .   (helmet restricted)
rElec    .         Reflect  .   B - +0 cloak
rCorr    .         Harm     .   (no gloves)
MR       .....                  u - +0 pair of boots
Stlth    ..........             s - amulet of magic regeneration
HPRegen  0.21/turn              F - ring of protection from cold
MPRegen  0.35/turn              (no ring)

@: no status effects
A: retaliatory headbutt, horns 2
a: Berserk, Trog's Hand, Brothers in Arms, Renounce Religion


You were on level 8 of the Dungeon.
You worshipped Trog.
Trog was greatly pleased with you.
You were not hungry.

You visited 1 branch of the dungeon, and saw 8 of its levels.

You collected 260 gold pieces.

Inventory:

Hand Weapons
 a - a +1 flail of protection
 b - a +0 hunting sling
 j - a +0 shortbow
 o - a +3 quarterstaff of chaos (weapon)
Missiles
 h - 249 stones
 r - 142 arrows
 w - 71 sling bullets
 y - 3 silver boomerangs
 E - 6 boomerangs (quivered)
 J - 41 bolts
Armour
 u - a +0 pair of boots (worn)
 A - a +3 chain mail of cold resistance (worn)
 B - a +0 cloak (worn)
 G - a cursed +0 ring mail
 M - a +2 leather armour of fire resistance
Jewellery
 s - an amulet of magic regeneration (around neck)
 F - a ring of protection from cold (left hand)
Wands
 D - a wand of iceblast (5)
 I - a wand of disintegration (17)
Scrolls
 f - 2 scrolls of remove curse
 k - a scroll of teleportation {unknown}
 l - a scroll of fog {unknown}
 n - a scroll of enchant armour {unknown}
 t - 7 scrolls of identify {unknown}
 v - 3 scrolls of fear {unknown}
 x - a scroll of random uselessness {unknown}
 H - a scroll of amnesia {unknown}
 L - a scroll of holy word {unknown}
Potions
 d - a potion of brilliance {unknown}
 e - a potion of lignification {unknown}
 g - 3 potions of heal wounds
 i - 3 potions of invisibility {unknown}
 m - a potion of degeneration {unknown}
 p - 4 potions of curing {unknown}
 q - a potion of cancellation {unknown}
 z - 3 potions of mutation {unknown}
 C - 2 potions of magic {unknown}
Comestibles
 c - 10 rations
 K - 2 chunks of flesh


   Skills:
 + Level 6.8 Fighting
   Level 5.3(6.6) Axes
 + Level 4.4(7.1) Maces & Flails
   Level 3.7(6.7) Polearms
 + Level 6.6(7.7) Staves
 + Level 2.4 Throwing
 + Level 5.8 Armour
 + Level 3.3 Dodging
 + Level 0.8 Stealth


You had 7 spell levels left.
You didn't know any spells.
Your spell library contained the following spells:

 Spells                   Type           Power        Failure   Level  Hunger
 Confusing Touch          Hex            #.....       99%         1    ##.....
 Flame Tongue             Conj/Fire      #....        99%         1    ##.....
 Sandblast                Erth           #.....       99%         1    ##.....
 Passwall                 Tmut/Erth      #.......     99%         2    ###....
 Throw Flame              Conj/Fire      #.....       99%         2    ###....
 Confuse                  Hex            #.......     100%        3    ####...
 Conjure Flame            Conj/Fire      #.......     100%        3    ####...
 Gell's Gravitas          Tloc           #.........   100%        3    ####...
 Inner Flame              Hex/Fire       #.......     100%        3    ####...
 Stone Arrow              Conj/Erth      #.....       100%        3    ####...
 Petrify                  Tmut/Erth      #.......     100%        4    #####..
 Sticky Flame             Conj/Fire      #.......     100%        4    #####..
 Fireball                 Conj/Fire      #.........   100%        5    ######.
 Lee's Rapid Deconstruct  Erth           #.........   100%        5    ######.
 Metabolic Englaciation   Hex/Ice        #.........   100%        5    ######.
 Yara's Violent Unravell  Hex/Tmut       #.........   100%        5    ######.


Dungeon Overview and Level Annotations

Branches:
Dungeon (7/15)
 Temple: D:4-7

Altars:
Ashenzari
Dithmenos
Elyvilon
Gozag
Hepliaklqana
Kikubaaqudgha
Okawaru
Vehumet


Innate Abilities, Weirdness & Mutations

You reflexively headbutt those who attack you in melee.
You have a pair of horns on your head.


Message History

You see here a stone.
You feel much better.
An electric eel comes into view.
The electric eel shoots out a bolt of lightning at you!
The bolt of electricity hits you.
The orc throws a stone.
The stone hits you.
The electric eel shoots out a bolt of lightning at you!
The bolt of electricity hits you!
The electric eel shoots out a bolt of lightning at you!
The bolt of electricity hits you!
* * * LOW HITPOINT WARNING * * *
The electric eel shoots out a bolt of lightning at you!
The bolt of electricity hits you.
* * * LOW HITPOINT WARNING * * *
Some of the chunks of flesh in your inventory have rotted away.
The electric eel shoots out a bolt of lightning at you!
The bolt of electricity hits you!
* * * LOW HITPOINT WARNING * * *
The electric eel shoots out a bolt of lightning at you!
The bolt of electricity hits you!
You die...

##.#######.####
................
....P..o≈≈...≈..
≈≈≈≈≈P≈PPP≈≈≈≈###
≈≈≈≈≈≈≈≈≈≈≈≈≈≈≈≈##
≈≈P≈≈≈≈≈≈≈≈≈≈≈≈≈≈≈
.≈≈≈≈≈≈(≈≈≈≈≈≈≈≈≈
....≈≈;.P≈..;######
^.......(.......@.#
.#................#
##################


You could see an electric eel.

Vanquished Creatures
  Edmund (D:4)
  A sky beast (D:5)
  An ice beast (D:5)
  2 ogres
  3 centaurs (D:5)
  A bullfrog (D:5)
  A scorpion (D:7)
  A howler monkey (D:4)
  A bullfrog zombie (D:6)
  A centaur zombie (D:5)
  4 orc priests
  A hound (D:3)
  An iguana (D:6)
  Crazy Yiuf (D:4)
  A bullfrog skeleton (D:5)
  5 orc wizards
  8 worker ants
  7 adders
  3 gnolls (D:6)
  A shadow imp (D:4)
  3 adder skeletons (D:5)
  8 worms
  A dart slug (D:4)
  6 leopard geckos
  22 orcs
  9 bats
  3 giant cockroaches (D:3)
  5 goblins
  6 hobgoblins
  11 jackals (D:1)
  2 kobolds
  5 quokkas
  A ball python (D:3)
  6 frilled lizards
  2 jackal skeletons
  A leopard gecko zombie (D:5)
  A quokka zombie (D:5)
  6 rats
143 creatures vanquished.

Vanquished Creatures (others)
  A bullfrog (D:8)
  An orc (D:8)
2 creatures vanquished.

Grand Total: 145 creatures vanquished

Notes
Turn   | Place    | Note
-------+----------+-------------------------------------------
     0 | D:1      | snetch the Minotaur Berserker began the quest for the Orb.
     0 | D:1      | Reached XP level 1. HP: 19/19 MP: 0/0
   116 | D:1      | Reached XP level 2. HP: 27/27 MP: 1/1
   246 | D:2      | Found a white marble altar of Elyvilon.
   744 | D:1      | Reached XP level 3. HP: 33/33 MP: 2/2
   834 | D:2      | Reached ** piety under Trog
   834 | D:2      | Reached XP level 4. HP: 13/41 MP: 3/3
   900 | D:2      | Reached skill level 5 in Axes
   949 | D:3      | Found an iron altar of Okawaru.
  1079 | D:2      | Found a shattered altar of Ashenzari.
  1529 | D:3      | Found a faded altar of an unknown god.
  1833 | D:3      | Reached XP level 5. HP: 47/47 MP: 4/4
  2097 | D:4      | Reached skill level 1 in Polearms
  2100 | D:4      | Noticed Edmund
  2124 | D:4      | Killed Edmund
  2124 | D:4      | Reached skill level 5 in Fighting
  2124 | D:4      | Reached XP level 6. HP: 56/56 MP: 5/5
  2175 | D:5      | Entered Level 5 of the Dungeon
  2348 | D:4      | Found a hazy altar of Hepliaklqana.
  2388 | D:4      | Reached skill level 1 in Maces & Flails
  2449 | D:4      | Found a shadowy altar of Dithmenos.
  2509 | D:4      | Reached *** piety under Trog
  2558 | D:4      | Reached XP level 7. HP: 61/61 MP: 6/6
  2665 | D:4      | Found a radiant altar of Vehumet.
  2679 | D:5      | Reached skill level 1 in Throwing
  2679 | D:5      | Reached skill level 5 in Armour
  2772 | D:4      | Found a runed translucent door.
  2773 | D:4      | Noticed Crazy Yiuf
  2781 | D:4      | Killed Crazy Yiuf
  3179 | D:5      | Reached skill level 1 in Staves
  3258 | D:5      | Found an ancient bone altar of Kikubaaqudgha.
  3278 | D:6      | Reached XP level 8. HP: 70/70 MP: 7/7
  3559 | D:5      | Noticed a hippogriff
  3715 | D:5      | Found an opulent altar of Gozag.
  4041 | D:7      | Reached skill level 5 in Staves
  4051 | D:7      | Reached **** piety under Trog
  4341 | D:6      | You fall into a shaft and drop 2 floors!
  4369 | D:8      | Killed from afar by an electric eel

Levels and vault maps discovered:
D:1:      onia_arrival_mini_maze, layout_loops_ring
D:2:      layout_rooms, evilmike_ruin_ashenzari, first_ration, elyvilon_altar_4
D:3:      minmay_skewed_foursquare, layout_basic, okawaru_gym_becter,
          chequers_ecumenical_altar_simple
D:4:      layout_loops_ring, overflow_temple_1_default,
          nicolae_overflow_crystal_walls, grunt_dithmenos_shadows,
          uniq_crazy_yiuf_cottage, uniq_edmund
D:5:      layout_rooms, kiku_gazebo_garden_becter,
          nicolae_gozag_cash_rules_everything_around_me, st_stairs_3,
          lightli_corner_chamber
D:6:      layout_cave_pools, kennysheep_potato
D:7:      layout_loops_ring, zin_treasury, minmay_temple_entry_purple_smoke,
          dk_vineyard_1, grunt_decor_cap, grunt_livestock,
          hangedman_abyss_or_decor_stabs
D:8:      layout_basic, grunt_temple_overflow_champion_of_chaos,
          lemuel_coloured_pillars_altar, chequers_big_river

Skill      XL: |  1  2  3  4  5  6  7  8 |
---------------+-------------------------+-----
Axes           | 4 5 |  5.3
Fighting       | 4 5 6 |  6.8
Armour         | 3 4 5 |  5.8
Polearms       | 3 |  3.7
Dodging        | 3 |  3.3
Maces & Flails | 1 4 |  4.4
Throwing       | 2 |  2.4
Staves         | 2 6 |  6.6
Stealth        | |  0.8

Action                   |  1- 3 |  4- 6 |  7- 9 || total
-------------------------+-------+-------+-------++-------
Melee: Hand axe          |    53 |       |       ||    53
       Headbutt          |     7 |    27 |    27 ||    61
       Mace              |     2 |    10 |       ||    12
       Trident           |       |   111 |       ||   111
       Flail             |       |    37 |    24 ||    61
       Quarterstaff      |       |       |   112 ||   112
Throw: Boomerang         |       |    12 |    11 ||    23
Invok: Trog's Hand       |       |     4 |     1 ||     5
       Berserk           |       |     2 |     2 ||     4
Evoke: Wand              |       |       |     1 ||     1
  Use: Scroll            |       |     1 |       ||     1
       Potion            |       |       |     2 ||     2
  Eat: Chunk             |       |     8 |     9 ||    17
Armor: Animal skin       |     6 |       |       ||     6
       Scale mail        |    13 |    18 |       ||    31
       Chain mail        |       |    53 |    81 ||   134
Dodge: Dodged            |    49 |    64 |    60 ||   173

Table legend:
 A = Non-vault XP
 B = Vault XP
 C = Vault XP percentage of total XP
 D = Non-vault monster count
 E = Vault monster count
 F = Vault count percentage of total count
                 A         B        C        D         E       F
            +---------+---------+-------+---------+---------+-------
      Total |    2142 |     392 |  15.5 |     127 |      17 |  11.8
            +---------+---------+-------+---------+---------+-------
        D:1 |      41 |       1 |   2.4 |      21 |       1 |   4.5
        D:2 |      36 |       0 |   0.0 |      12 |       0 |   0.0
        D:3 |      97 |      21 |  17.8 |      20 |      10 |  33.3
        D:4 |     385 |     212 |  35.5 |      23 |       3 |  11.5
        D:5 |     836 |     114 |  12.0 |      27 |       2 |   6.9
        D:6 |     209 |      44 |  17.4 |      11 |       1 |   8.3
        D:7 |     476 |       0 |   0.0 |      12 |       0 |   0.0
        D:8 |      62 |       0 |   0.0 |       1 |       0 |   0.0
            +---------+---------+-------+---------+---------+-------
